 Dungeon Crawl Stone Soup version 0.22-a0-441-gcf5b0c6 (webtiles) character file.

54 iamserjio the Caller (level 3, -1/26 HPs)
             Began as a Mummy Summoner on May 30, 2018.
             Slain by an adder (4 damage)
             ... on level 2 of the Dungeon.
             The game lasted 00:07:42 (4178 turns).

iamserjio the Caller (Mummy Summoner)               Turns: 4178, Time: 00:07:43

Health: -1/26      AC:  2    Str: 12    XL:     3   Next: 66%
Magic:  4/7        EV: 12    Int: 14    God:
Gold:   27         SH:  0    Dex: 12    Spells: 4/8 levels left

rFire    x . .     SeeInvis .   b - -3 club (curse)
rCold    + . .     Gourm    .   (no shield)
rNeg     + + +     Faith    .   a - +0 robe
rPois    ∞         Spirit   .   (no helmet)
rElec    .         Reflect  .   (no cloak)
rCorr    .         Harm     .   (no gloves)
MR       .....                  (no boots)
Stlth    ++........             (no amulet)
HPRegen  0.08/turn              (no ring)
MPRegen  0.10/turn              (no ring)

@: no status effects
A: no food or potions, fire vulnerability, cold resistance 1, negative energy
resistance 3, torment resistance, unbreathing
a: no special abilities


You were on level 2 of the Dungeon.
You were not hungry.

You visited 1 branch of the dungeon, and saw 2 of its levels.

You collected 27 gold pieces.

Inventory:

Hand Weapons
 b - a cursed -3 club (weapon)
 c - a +0 club
 d - a +0 dagger
 f - a +0 short sword
Missiles
 e - 67 stones (quivered)
 h - 3 poisoned javelins
Armour
 a - a +0 robe (worn)
Scrolls
 g - 2 scrolls of identify {unknown}
 i - a scroll of fog {unknown}
 j - a scroll of immolation {unknown}
 k - 2 scrolls of enchant armour {unknown}


   Skills:
 + Level 1.1 Fighting
 + Level 1.0 Armour
 - Level 1.5 Dodging
 - Level 1.5 Stealth
 + Level 3.3 Spellcasting
 * Level 3.7 Summonings


You had 4 spell levels left.
You knew the following spells:

 Your Spells              Type           Power        Failure   Level  Hunger
a - Summon Small Mammal   Summ           ##..         4%          1    N/A
b - Call Canine Familiar  Summ           ##......     13%         3    N/A

Your spell library contained the following spells:

 Spells                   Type           Power        Failure   Level  Hunger
 Summon Ice Beast         Ice/Summ       #.......     67%         4    N/A
 Call Imp                 Summ           ##......     7%          2    N/A
 Summon Lightning Spire   Summ/Air       #.......     67%         4    N/A
 Summon Guardian Golem    Hex/Summ       #.......     28%         3    N/A

Dungeon Overview and Level Annotations

Branches:
Dungeon (2/15)

Altars:
Hepliaklqana

Annotations:
D:2 2 transporters


Innate Abilities, Weirdness & Mutations

You do not eat or drink.
Your flesh is vulnerable to fire.
You are immune to poison.
Your flesh is cold resistant. (rC+)
You are immune to negative energy. (rN+++)
You are immune to unholy pain and torment.
You can survive without breathing.


Message History

You miss the adder.
The adder is moderately wounded.
The adder barely misses you.
Your hound barely misses the adder.
The adder bites you.
* * * LOW HITPOINT WARNING * * *
Your hound closely misses the adder.
You hit the adder but do no damage.
The adder is moderately wounded.
Your hound closely misses the adder.
The adder bites you.
* * * LOW HITPOINT WARNING * * *
Your hound barely misses the adder.
The adder bites you.
* * * LOW HITPOINT WARNING * * *
You barely miss the adder.
The adder is moderately wounded.
Your hound completely misses the adder.
The adder barely misses you.
Your hound misses the adder. You completely miss the adder.
The adder is moderately wounded.
The adder bites you.
You die...

#.. ..#...# #.# #.#...#
#.# #.#...#### #.#
#........# #.# #.....>..#
#.# #........# #######.#
#.......###
........#######..........
.#.....)hS@.....#...#.###
....#.#.##...####..##.#
...^..#.###.#####..# .# .
..# #.# #........##.# #.#
#.# #.###.......#### #.
#.# #.###..........# #
#.# #...........##. #.
####..#..#..# #..#[.#..#


You could see an adder and a friendly hound.

Vanquished Creatures
  3 giant cockroaches (D:1)
  A hobgoblin (D:1)
  2 jackals
  4 bats
  3 frilled lizards
13 creatures vanquished.

Vanquished Creatures (collateral kills)
  An adder (D:2)
  An ooze (D:2)
  A worm (D:2)
  A dart slug (D:1)
  4 leopard geckos
  2 bats (D:2)
  A giant cockroach (D:1)
  A goblin (D:2)
  8 hobgoblins
  5 jackals
  8 kobolds
  5 frilled lizards
  A leopard gecko skeleton (D:2)
  A rat (D:1)
40 creatures vanquished.

Vanquished Creatures (others)
  A plant (D:1)
1 creature vanquished.

Grand Total: 54 creatures vanquished

Notes
Turn   | Place    | Note
-------+----------+-------------------------------------------
     0 | D:1      | iamserjio the Mummy Summoner began the quest for the Orb.
     0 | D:1      | Reached XP level 1. HP: 13/13 MP: 4/4
   468 | D:1      | Reached XP level 2. HP: 7/20 MP: 1/5
  2850 | D:1      | Reached XP level 3. HP: 8/25 MP: 5/7
  3235 | D:2      | Found a transporter.
  3235 | D:2      | Found a transporter.
  3237 | D:2      | Noticed a killer bee
  3238 | D:2      | Noticed a phantom
  3242 | D:2      | Found a hazy altar of Hepliaklqana.
  3330 | D:2      | Learned a level 3 spell: Call Canine Familiar
  3373 | D:2      | Reached skill level 1 in Fighting
  3552 | D:2      | Reached skill level 1 in Armour
  4178 | D:2      | Slain by an adder

Vault maps used:
D:1:      matt_arrival_refuge, minmay_crystal_water, minmay_misc_feat_rows,
          lexackson_kobold_supper
D:2:      gammafunk_temple_overflow_arena, serial_undead, serial_undead_f,
          serial_undead_d, serial_undead_a, serial_undead_a,
          minmay_misc_feat_tiny

Skill      XL: |  1  2  3 |
---------------+----------+-----
Spellcasting   | 3 |  3.3
Fighting       | 1 |  1.1
Armour         | 1 |  1.0
Dodging        | |  1.5
Stealth        | |  1.5
Summonings     | |  3.7

Action                   || total
-------------------------++-------
Melee: Unarmed           ||    18
       Club              ||   158
 Cast: Summon Small Mamm ||    61
       Call Canine Famil ||     4
 Stab: Distracted        ||     1
       Sleeping          ||     1
Armor: Robe              ||    42
Dodge: Dodged            ||   175

Table legend:
 A = Spawn XP
 B = Non-spawn XP
 C = Spawn XP percentage of total XP
 D = Spawn monster count
 E = Non-spawn monster count
 F = Spawn count percentage of total count
 G = Total turns spent on level
                    A         B        C        D         E        F      G
               +---------+---------+-------+---------+---------+-------+---------
         Total |       0 |      78 |   0.0 |       0 |      53 |   0.0 |  4178
               +---------+---------+-------+---------+---------+-------+---------
           D:1 |       0 |      41 |   0.0 |       0 |      32 |   0.0 |  3234
           D:2 |       0 |      37 |   0.0 |       0 |      21 |   0.0 |   944
               +---------+---------+-------+---------+---------+-------+---------
